 Dungeon Crawl Stone Soup version 0.30.1-4-g462c640d31 (webtiles) character file.

Game seed: 17165816195941910982

5 Zeor the Magician (level 1, -2/10 HPs)
             Began as a Deep Elf Air Elementalist on Sept 6, 2023.
             Was a Follower of Sif Muna.
             Slain by a jackal (3 damage)
             ... on level 1 of the Dungeon.
             The game lasted 00:01:14 (296 turns).

Zeor the Magician (Deep Elf Air Elementalist)        Turns: 296, Time: 00:01:14

Health: -2/10      AC:  2    Str:  5    XL:     1   Next: 66%
Magic:  3/6        EV: 12    Int: 19    God:    Sif Muna [*.....]
Gold:   25         SH:  0    Dex: 15    Spells: 5/6 levels left

rFire   . . .        a - +1 dagger (elec)
rCold   . . .        (no shield)
rNeg    . . .        d - +0 robe
rPois   .            (no helmet)
rElec   .            (no cloak)
rCorr   .            (no gloves)
SInv    .            (no boots)
Will    .....        (no amulet)
Stlth   ++           (no ring)
HPRegen 0.21/turn    (no ring)
MPRegen 0.10/turn

%: no passive effects
@: no status effects
A: no striking features
a: Renounce Religion, Channel Magic


You were on level 1 of the Dungeon.
You worshipped Sif Muna.
Sif Muna was aware of your devotion.
You visited 1 branch of the dungeon, and saw 1 of its levels.

You collected 25 gold pieces.

Inventory:

Hand Weapons
 a - a +1 dagger of electrocution (weapon)
Armour
 d - a +0 robe (worn)
Scrolls
 c - a scroll of enchant armour {unknown}


   Skills:
 + Level 2.5 Dodging
 + Level 2.6 Stealth
 + Level 3.2 Spellcasting
 + Level 1.1 Conjurations
 + Level 3.1 Air Magic


You had 5 spell levels left.
You knew the following spells:

 Your Spells              Type           Power      Damage    Failure   Level
z - Shock                 Conj/Air       44%        1d5       6%          1

Your spell library contained the following spells:

 Spells                   Type           Power      Damage    Failure   Level
 Static Discharge         Conj/Air       22%        2-3/arc   10%         2
 Swiftness                Air            14%        N/A       12%         3
 Airstrike                Air            7%         2d(1-17)  38%         4


Dungeon Overview and Level Annotations

Branches:
Dungeon (1/15)

Altars:
Sif Muna


Message History

Aiming: Shock (safe; 6% risk of failure)
Press: ? - help, Shift-Dir - straight line, f - jackal
Aim: a jackal (60% to hit)
The zap hits the jackal.
The jackal is heavily wounded.
The zap misses the hobgoblin.
The jackal bites you.
You are too injured to fight recklessly!
You are too injured to fight recklessly!
Okay, then.
Magic courses through your body. The jackal bites you.
* * * LOW HITPOINT WARNING * * *
An endoplasm comes into view.
Casting: Shock (safe; 6% risk of failure)
Confirm with . or Enter, or press ? or * to list all spells.
Aiming: Shock (safe; 6% risk of failure)
Press: ? - help, Shift-Dir - straight line, f/p - jackal
Aim: a jackal (heavily wounded, 60% to hit)
The zap misses the jackal.
The zap misses the hobgoblin.
The endoplasm quivers.
The jackal misses you. The jackal bites you.
* * * LOW HITPOINT WARNING * * *
Casting: Shock (safe; 6% risk of failure)
Confirm with . or Enter, or press ? or * to list all spells.
Aiming: Shock (safe; 6% risk of failure)
Press: ? - help, Shift-Dir - straight line, f/p - jackal
Aim: a jackal (moderately wounded, 60% to hit)
The zap misses the jackal.
The zap misses the hobgoblin.
The jackal barely misses you.
Casting: Shock (safe; 6% risk of failure)
Confirm with . or Enter, or press ? or * to list all spells.
Aiming: Shock (safe; 6% risk of failure)
Press: ? - help, Shift-Dir - straight line, f/p - jackal
Aim: a jackal (moderately wounded, 60% to hit)
The zap hits the jackal but does no damage.
The jackal is moderately wounded.
The zap misses the hobgoblin.
The zap hits the ball python.
The ball python is severely wounded.
The ball python hisses angrily.
The jackal bites you.
You die... ▒▒▒▒▒▒▒▒▒▒ S∙∙∙∙ghe∙▒

∙∙J∙▒▒▒▒†▒▒▒▒ ▒
▒∙∙∙∙∙∙∙▒
▒∙▒∙▒▒∙▒▒∙▒
▒∙▒∙▒▒∙▒▒∙▒
▒∙∙▒∙▒▒∙▒▒∙▒ ▒■
∙∙∙∙∙∙∙▒▒∙▒ ∙∙∙
▒▒▒▒▒∙▒∙▒▒▒▒▒∙▒
∙∙∙∙▒∙∙∙∙∙▒∙▒▒▒▒▒∙▒


You could see an endoplasm, a jackal, a hobgoblin and a ball python.

Vanquished Creatures
  2 jackals (D:1)
  A ball python (D:1)
  2 kobolds (D:1)
  A rat (D:1)
6 creatures vanquished.

Notes
Turn   | Place    | Note
-------+----------+-------------------------------------------
     0 | D:1      | Zeor the Deep Elf Air Elementalist began the quest for the
                  | Orb.
     0 | D:1      | Reached XP level 1. HP: 10/10 MP: 6/6
   200 | D:1      | Found a faded altar of an unknown god.
   232 | D:1      | Prayed at the altar of an unknown god.
   232 | D:1      | Became a worshipper of Sif Muna the Loreminder
   232 | D:1      | Reached * piety under Sif Muna
   296 | D:1      | Slain by a jackal

Illustrated notes

Levels and vault maps discovered:
D:1:      dpeg_arrival_castle, layout_loops_corners,
          chequers_ecumenical_altar_simple, minivault_26, minmay_pentomino_s2

Action                     || total
---------------------------++-------
  Melee: Dagger            ||     6
   Cast: Shock             ||    16
    Use: Potion            ||     1
  Dodge: Dodged            ||     7
